Map: King's Cove LE

Players

Johnnie

  • Race: Protoss Protoss
  • League: Master
  • Spawn Location: 11:00

Mez - Winner!

  • Race: Terran Terran
  • League: Master
  • Spawn Location: 5:00

VOD

Have the link to the VOD?

Description

Time

  • Played on: Aug. 10, 2019, 10:30 a.m.
  • Length: 12:19
Show
View Real Time Build Order
Export as new Build Order

Johnnie Protoss 

Build Orders: 1 Gate Expand, Double Forge, Blink Stalkers 

Get SALT Encoding   

  12  0:00  Probe  
  13  0:13  Probe  
  14  0:18  Pylon  
  14  0:24  Probe  
  15  0:32  Probe  
  15  0:38  Gateway  
  15  0:40  Probe  
  16  0:47  Assimilator  
  17  0:51  Probe  
  18  1:03  Probe  
  19  1:15  Probe  
  20  1:27  Cybernetics Core  
  20  1:36  Nexus  
  20  1:43  Pylon  
  20  1:47  Probe  
  20  1:52  Assimilator  
  21  1:55  Adept  
  21  2:00  Probe  
  22  2:05  Warp Gate  
  24  2:12  Probe  
  24  2:15  Adept  
  25  2:24  Probe  
  25  2:29  Twilight Council  
  28  2:36  Probe  
  29  2:47  Probe  
  29  2:48  Probe  
  31  2:55  Stalker, Probe  
  33  3:00  Probe  
  33  3:04  Probe  
  35  3:07  Blink  
  35  3:12  Probe x2  
  38  3:24  Probe x2  
  40  3:27  Robotics Facility  
  40  3:36  Probe x2  
  42  3:41  Gateway  
  42  3:47  Gateway  
  42  3:48  Probe x2  
  44  3:57  Pylon  
  44  4:00  Probe  
  44  4:01  Probe  
  46  4:10  Observer  
  46  4:15  Probe x2  
  46  4:16  Pylon  
  49  4:20  Assimilator  
  49  4:23  Nexus  
  49  4:27  Pylon  
  49  4:33  Probe x2  
  51  4:41  Stalker  
  51  4:42  Stalker x2  
  57  4:49  Forge  
  57  4:52  Observer  
  58  4:55  Forge  
  58  5:01  Probe x2  
  60  5:07  Stalker x3  
  66  5:14  Charge  
  66  5:15  Probe  
  66  5:20  Pylon  
  67  5:32  Stalker  
  69  5:36  Protoss Ground Armor Level 1, Protoss Ground Weapons Level 1  
  69  5:37  Pylon  
  69  5:39  Stalker  
  69  5:40  Stalker  
  69  5:42  Probe x2  
  75  5:54  Probe x2  
  75  5:55  Probe  
  78  6:03  Gateway x2  
  78  6:05  Gateway  
  78  6:09  Gateway  
  78  6:17  Gateway  
  76  6:28  Zealot x3  
  76  6:29  Probe  
  76  6:30  Probe x2  
  85  6:45  Probe x3  
  88  6:47  Immortal  
  88  6:51  Zealot x3  
  98  7:03  Zealot  
  98  7:04  Probe  
  101  7:12  Pylon  
  101  7:14  Pylon  
  101  7:18  Pylon  
  101  7:30  Probe x2  
  101  7:31  Zealot x3  
  101  7:34  Immortal, Nexus  
  109  7:38  Pylon  
  109  7:43  Protoss Ground Weapons Level 2, Protoss Ground Armor Level 2  
  113  7:49  Zealot x3  
  113  7:50  Zealot x2  
  121  7:51  Sentry  
  121  7:52  Sentry  
  121  7:56  Probe x3  
  128  8:06  Assimilator  
  128  8:08  Assimilator, Warp Prism  
  128  8:09  Probe x3  
  133  8:20  Pylon  
  133  8:22  Pylon  
  133  8:23  Observer  
  133  8:27  Pylon  
  133  8:28  Pylon  
  133  8:30  Pylon  
  133  8:33  Robotics Bay  
  133  8:37  Robotics Facility  
  133  8:39  Pylon  
  133  8:59  Stalker  
  133  9:00  Stalker x2  
  133  9:01  Zealot x2  
  135  9:04  Stalker x3  
  136  9:12  Photon Cannon  
  136  9:14  Photon Cannon  
  133  9:23  Stalker  
  133  9:24  Stalker x3  
  135  9:25  Stalker  
  123  9:53  Zealot x5  
  123  9:54  Zealot x3  
  113  10:13  Zealot  
  113  10:14  Zealot x6  
  111  10:15  Zealot  
  69  10:35  Zealot x5  
  68  10:36  Zealot x3  
  61  10:56  Zealot x6  
  61  10:57  Zealot x2  
  75  11:24  Stalker x3  
  75  11:25  Stalker x5  
  79  11:48  Stalker x2  
  79  11:49  Stalker, Zealot  
Show
View Real Time Build Order
Export as new Build Order

Mez Terran - Winner!

Build Orders: Reaper Expand 

Get SALT Encoding   

  12  0:00  SCV  
  13  0:13  SCV  
  14  0:18  Supply Depot  
  14  0:25  SCV  
  15  0:39  SCV  
  15  0:41  Barracks  
  16  0:45  Refinery  
  16  0:51  SCV  
  17  1:04  SCV  
  18  1:16  SCV  
  19  1:29  Reaper, Orbital Command  
  20  1:43  Command Center  
  20  1:53  Bunker  
  20  1:55  SCV  
  21  2:04  Barracks Reactor  
  21  2:05  Supply Depot  
  21  2:10  SCV  
  22  2:23  SCV  
  23  2:36  Command Center  
  23  2:38  SCV  
  24  2:46  Factory  
  24  2:50  Marine x2  
  26  2:54  SCV  
  27  3:06  Refinery  
  27  3:08  Orbital Command  
  27  3:10  SCV  
  28  3:14  Marine x2  
  30  3:22  SCV  
  31  3:30  Widow Mine  
  31  3:32  Starport  
  33  3:34  SCV  
  33  3:36  Marine x2  
  33  3:39  SCV  
  37  3:46  Refinery  
  37  3:49  Orbital Command  
  37  3:53  Widow Mine  
  39  3:58  SCV, Supply Depot  
  39  4:00  SCV  
  41  4:08  Marine x2  
  45  4:17  Factory Tech Lab  
  45  4:20  SCV x2  
  45  4:24  SCV  
  45  4:26  Starport Tech Lab  
  46  4:33  SCV x2, Marine x2  
  46  4:37  Siege Tank, Supply Depot  
  53  4:41  SCV  
  53  4:45  Raven, SCV  
  56  4:47  Barracks  
  57  4:54  Marine x2  
  57  4:55  SCV x2  
  61  5:00  Barracks  
  61  5:01  Supply Depot  
  61  5:03  SCV, Orbital Command  
  61  5:04  Refinery  
  62  5:07  SCV  
  63  5:15  Siege Tank  
  63  5:16  SCV  
  63  5:19  SCV  
  68  5:25  Marine  
  68  5:26  Supply Depot  
  68  5:27  Supply Depot  
  69  5:29  SCV x2  
  69  5:33  Engineering Bay  
  69  5:34  Engineering Bay  
  71  5:35  Supply Depot  
  71  5:45  Marine x2  
  71  5:46  Starport Reactor  
  71  5:47  Stimpack  
  73  5:53  SCV x2  
  73  5:55  SCV, Barracks  
  73  5:56  Barracks  
  76  6:04  Supply Depot  
  76  6:08  Supply Depot  
  76  6:12  Marine, Marauder  
  76  6:13  Marauder  
  76  6:17  Terran Infantry Armor Level 1, Terran Infantry Weapons Level 1  
  81  6:18  Factory Reactor  
  81  6:21  Marine  
  81  6:22  SCV  
  81  6:24  SCV x2  
  83  6:34  SCV  
  84  6:43  Supply Depot  
  84  6:44  Supply Depot  
  84  6:46  Marine x2, Marauder x2  
  89  6:47  SCV  
  89  6:48  SCV x2, Supply Depot  
  92  7:00  Barracks Reactor, Medivac x2, Barracks Tech Lab  
  95  7:07  Marauder x2  
  97  7:10  SCV x2  
  97  7:12  Supply Depot  
  97  7:13  Marine x2  
  97  7:14  Widow Mine, Supply Depot  
  97  7:15  Widow Mine  
  105  7:28  Supply Depot  
  105  7:29  Marauder x3  
  111  7:30  Medivac x2  
  111  7:31  Marine  
  111  7:33  Refinery  
  111  7:34  SCV x3  
  119  7:42  Armory  
  119  7:46  SCV x2  
  119  7:53  Widow Mine x2, Marine x3, Marauder x2  
  119  7:54  Marine, Marauder  
  119  7:55  SCV  
  134  7:58  SCV x2  
  134  8:02  Supply Depot  
  136  8:07  SCV  
  136  8:11  Marine  
  136  8:12  Marine  
  139  8:13  SCV x2  
  139  8:17  Refinery  
  139  8:19  Supply Depot  
  141  8:20  Supply Depot  
  141  8:21  Supply Depot  
  141  8:22  SCV, Marauder x2  
  141  8:23  Marine x2, Marauder  
  141  8:24  Combat Shield  
  141  8:25  SCV  
  141  8:26  Concussive Shells  
  151  8:31  SCV  
  152  8:34  SCV  
  152  8:37  SCV  
  154  8:44  Marauder  
  154  8:46  Marine x3, Marauder x2  
  163  8:49  Terran Infantry Armor Level 2, Terran Infantry Weapons Level 2  
  163  8:53  Ghost Academy  
  161  9:00  Marine  
  161  9:05  Marauder  
  161  9:08  Marauder x2  
  165  9:19  Marine x3  
  165  9:23  Command Center  
  168  9:24  Medivac x2  
  168  9:26  Marauder  
  168  9:29  Marauder x2, Supply Depot  
  168  9:30  Supply Depot  
  180  9:38  Widow Mine  
  180  9:45  Widow Mine  
  180  9:50  Marine x5, Marauder x2  
  178  9:57  Medivac  
  178  9:58  Medivac  
  172  10:08  Marine x2  
  172  10:09  Marauder  
  172  10:10  Marine x2  
  172  10:11  Marine, Marauder  
  164  10:25  Marine  
  164  10:26  Marine  
  164  10:27  Marine, Medivac x2  
  164  10:28  Marine  
  155  10:43  Marine x3  
  155  10:45  Ghost x2  
  160  10:54  Missile Turret x2  
  160  10:56  Missile Turret  
  160  10:58  Marine  
  161  11:10  Missile Turret  
  143  11:28  Ghost x2  
  143  11:29  Marine x4  
  143  11:30  Medivac x2  
  143  11:31  Widow Mine  
  153  11:36  Marine  
  153  11:39  Planetary Fortress  
  154  11:47  Marine x4  
  158  11:54  Widow Mine  
  158  11:55  Widow Mine  
  158  12:01  SCV x3  
Tags
 
Add a new tag
Caveats
  • Supply blocks, unpowered buildings, or Contaminate may cause inaccurate times.
  • Supply counts are checked every 10 seconds.